 Dungeon Crawl Stone Soup version 0.30.1-3-gfc49f6343a (webtiles) character file.

Game seed: 17250464494150630187

6712 Wiggles the Severer (level 10, -7/78 HPs)
             Began as a Minotaur Berserker on July 20, 2023.
             Was a High Priest of Trog.
             Killed by an exploding kobold (15 damage)
             ... ignited by their inner flame
             ... on level 9 of the Dungeon.
             The game lasted 00:15:52 (8307 turns).

Wiggles the Severer (Minotaur Berserker)            Turns: 8307, Time: 00:15:53

Health: -7/78      AC: 14    Str: 26    XL:     10   Next: 74%
Magic:  9/9        EV:  9    Int:  4    God:    Trog [*****.]
Gold:   293        SH:  5    Dex: 16    Spells: 9/9 levels left

rFire   . . .        G - +1 battleaxe (drain)
rCold   . . .        (shield currently unavailable)
rNeg    . . .        x - +0 chain mail
rPois   .            (helmet restricted)
rElec   .            (no cloak)
rCorr   .            e - +2 pair of gloves
SInv    +            a - +1 pair of boots
Will    .....        B - amulet of reflection Stlth
                     c - +6 ring of dexterity
HPRegen 0.33/turn    u - ring of see invisible
MPRegen 0.11/turn

%: reflection
@: marked, on berserk cooldown, slowed, very slow
A: horns 2, retaliatory headbutt
a: Renounce Religion, Berserk, Trog's Hand, Brothers in Arms


You were on level 9 of the Dungeon.
You worshipped Trog.
Trog was extremely pleased with you.
You visited 1 branch of the dungeon, and saw 9 of its levels.

You collected 519 gold pieces.
You spent 226 gold pieces at shops.

Inventory:

Hand Weapons
 G - a +1 battleaxe of draining (weapon)
Missiles
 g - 6 javelins (quivered)
Armour
 a - a +1 pair of boots (worn)
 e - a +2 pair of gloves (worn)
 x - a +0 chain mail (worn)
Jewellery
 c - a +6 ring of dexterity (left hand)
 u - a ring of see invisible (right hand)
 B - an amulet of reflection (around neck)
 E - a ring of positive energy
Wands
 o - a wand of polymorph (10)
 p - a wand of digging (3)
 w - a wand of light (10)
 C - a wand of flame (29)
 D - a wand of roots (14)
 I - a wand of mindburst (11)
Scrolls
 f - 4 scrolls of identify
 h - 3 scrolls of fear
 j - 3 scrolls of immolation
 n - 2 scrolls of teleportation
 t - 2 scrolls of blinking
 y - a scroll of fog
 F - a scroll of magic mapping
Potions
 b - 3 potions of invisibility
 d - a potion of attraction
 i - 3 potions of haste
 k - a potion of magic
 l - 2 potions of degeneration {unknown}
 m - 2 potions of brilliance {unknown}
 q - 4 potions of curing
 r - 3 potions of lignification
 s - a potion of heal wounds {unknown}
 v - a potion of ambrosia {unknown}
 z - a potion of mutation {unknown}
 A - a potion of resistance {unknown}
 H - 2 potions of berserk rage {unknown}


   Skills:
 - Level 3.8 Fighting
 + Level 18.3 Axes
 + Level 1.3 Throwing
 - Level 2.5 Armour
 - Level 2.2 Dodging
 + Level 2.5 Stealth
 + Level 4.3 Shields


You had 9 spell levels left.
You didn't know any spells.
Your spell library was empty.

Dungeon Overview and Level Annotations

Branches:
Dungeon (9/15)             Temple (0/1) D:6             Orc (0/2) D:9
   Lair: D:8-11

Altars:
Dithmenos
Fedhas
Gozag
Hepliaklqana
Okawaru
Ru
Xom

Shops:
D:1 [   D:2 ?   D:3 :=   D:6 [::?


Innate Abilities, Weirdness & Mutations

You have a pair of horns on your head.
You reflexively headbutt those who attack you in melee.


Message History

The kobold cries, "Help!"
The kobold brigand moans, "Oh dear!
Oh dear!"
Cornered, the kobold turns to fight!
The kobold brigand howls in fear.
The kobold brigand yells at you, "GO AWAY!"
Things that are here:
a killer bee corpse; a killer bee corpse The kobold brigand attacks as you move away!
The kobold brigand completely misses you.
You slash the kobold brigand!
The kobold brigand is severely wounded.
The kobold hits you but does no damage.
The kobold brigand hits you with a +0 club.
* * * LOW HITPOINT WARNING * * *
The kobold hits you but does no damage.
Things that are here:
a killer bee corpse; a killer bee corpse
Okay, then.
Really read the scroll of immolation?
As you read the scroll of immolation, it crumbles to dust.
The creatures around you are filled with an inner flame!
The kobold hits you with a +0 dagger.
* * * LOW HITPOINT WARNING * * *
You block the kobold brigand's attack. The kobold barely misses you.
The kobold brigand hits you with a +0 club.
* * * LOW HITPOINT WARNING * * *
The kobold attacks as you move away! The kobold closely misses you.
The kobold brigand hits you but does no damage.
You slash the kobold brigand! Trog accepts your kill.
You slash the kobold! Trog accepts your kill.
The kobold explodes!
The fiery explosion engulfs the kobold brigand!!!
Trog accepts your kill.
The fiery explosion engulfs the kobold brigand!!!
You kill the kobold brigand!
Trog accepts your kill. The fiery explosion engulfs you!
You die...

......##.# #.....#
).....##.## #.....#
......##..###.....#
......###..[#.....#
......# ###.#.....#
......# #.'.....#
......# ###.....#
#'##### ####§## ..
#§§@# #§###
######+# ..K.
........ #.....K
........ #$....KK
<....... #........
........ #....K..K.
........
#.K.......#
........


There were no monsters in sight!

Vanquished Creatures
  A two-headed ogre (D:9)
  Pikel (D:5)
  A kobold demonologist (D:9)
  A hornet (D:9)
  Sigmund (D:3)
  4 yaks (D:9)
  Menkaure (D:7)
  A steam dragon (D:8)
  2 wargs (D:9)
  An acid dragon (D:9)
  A water moccasin (D:7)
  3 black bears
  An ice beast (D:8)
  5 orc warriors (D:9)
  A centaur (D:8)
  A lemure (D:5)
  A phantom (D:6)
  10 kobold brigands
  4 bullfrogs
  Blork the orc (D:6)
  2 gnoll sergeants (D:9)
  2 scorpions
  4 wights (D:8)
  12 killer bees (D:9)
  A howler monkey (D:6)
  5 orc priests
  A gnoll bouda (D:7)
  4 hounds
  3 sleepcaps
  3 iguanas
  7 orc wizards
  Robin (D:3)
  9 adders
  12 gnolls
  A shadow imp (D:6)
  3 white imps
  An ufetubus (D:6)
  3 worms
  3 dart slugs (D:1)
  29 orcs
  6 ball pythons
  5 endoplasms
  3 giant cockroaches
  8 goblins
  13 hobgoblins
  4 quokkas
  2 bats
  3 frilled lizards
  20 kobolds
  4 rats
216 creatures vanquished.

Notes
Turn   | Place    | Note
-------+----------+-------------------------------------------
     0 | D:1      | Wiggles the Minotaur Berserker began the quest for the Orb.
     0 | D:1      | Reached XP level 1. HP: 19/19 MP: 0/0
   117 | D:1      | Reached skill level 4 in Axes
   117 | D:1      | Reached XP level 2. HP: 27/27 MP: 1/1
   162 | D:1      | Found a faded altar of an unknown god.
   356 | D:1      | Reached ** piety under Trog
   390 | D:1      | Reached XP level 3. HP: 29/33 MP: 2/2
   653 | D:1      | Found Heirph's Armour Boutique.
   659 | D:1      | Bought a +0 pair of gloves for 49 gold pieces
   796 | D:2      | Reached skill level 5 in Axes
  1295 | D:2      | Found Heirph's Magic Scroll Shoppe.
  1306 | D:2      | Bought a scroll of identify for 26 gold pieces
  1704 | D:3      | Noticed Robin
  1714 | D:3      | Killed Robin
  1715 | D:3      | Reached XP level 4. HP: 40/40 MP: 3/3
  1716 | D:3      | Reached skill level 6 in Axes
  1753 | D:3      | Found Ymew's Jewellery Boutique.
  1884 | D:3      | Found Gaurimen's Book Shop.
  1891 | D:3      | Found a blossoming altar of Fedhas.
  2125 | D:3      | Found a shadowy altar of Dithmenos.
  2189 | D:3      | Found an iron altar of Okawaru.
  2189 | D:3      | Found a sacrificial altar of Ru.
  2223 | D:3      | Found an opulent altar of Gozag.
  2294 | D:3      | Found a hazy altar of Hepliaklqana.
  2449 | D:3      | Noticed Sigmund
  2459 | D:3      | Killed Sigmund
  2460 | D:3      | Reached skill level 7 in Axes
  2460 | D:3      | Reached XP level 5. HP: 46/46 MP: 4/4
  2460 | D:3      | Reached XP level 6. HP: 52/52 MP: 5/5
  2548 | D:4      | Identified the +2 ring mail "Kyjuonuo" {Stlth+}
  2595 | D:4      | Reached skill level 8 in Axes
  2834 | D:4      | You fall into a shaft and drop 1 floor!
  2834 | D:5      | Entered Level 5 of the Dungeon
  3032 | D:5      | Reached skill level 9 in Axes
  3111 | D:5      | Reached skill level 1 in Throwing
  3111 | D:5      | Reached XP level 7. HP: 58/58 MP: 6/6
  3128 | D:5      | Noticed Pikel
  3141 | D:5      | Killed Pikel
  3142 | D:5      | Reached skill level 11 in Axes
  3142 | D:5      | Reached skill level 1 in Stealth
  3142 | D:5      | Reached XP level 8. HP: 57/66 MP: 7/7
  3388 | D:4      | Identified the +9 dagger "Xatz" {heavy, rPois rCorr}
  4276 | D:6      | Reached *** piety under Trog
  4354 | D:6      | Found a shimmering altar of Xom.
  4465 | D:6      | Found Ozot's Magic Scroll Shop.
  4468 | D:6      | Noticed Blork the orc
  4476 | D:6      | Killed Blork the orc
  4495 | D:6      | Found Ericredgh's Book Emporium.
  4501 | D:6      | Bought a scroll of enchant armour for 97 gold pieces
  4515 | D:6      | Reached skill level 12 in Axes
  4619 | D:6      | Found a staircase to the Ecumenical Temple.
  4642 | D:6      | Found Puoc's Book Shop.
  4925 | D:6      | Found Yxzu's Armour Emporium.
  4937 | D:6      | Bought a +0 pair of boots for 54 gold pieces
  5164 | D:7      | Reached skill level 13 in Axes
  5223 | D:7      | Noticed Menkaure
  5229 | D:7      | Killed Menkaure
  5230 | D:7      | Reached skill level 1 in Shields
  5405 | D:7      | Reached XP level 9. HP: 71/71 MP: 8/8
  5897 | D:7      | Reached skill level 14 in Axes
  6298 | D:8      | Reached **** piety under Trog
  6947 | D:8      | Reached skill level 15 in Axes
  7205 | D:9      | Noticed a two-headed ogre
  7213 | D:9      | Killed a two-headed ogre
  7220 | D:9      | Reached skill level 16 in Axes
  7225 | D:9      | Reached XP level 10. HP: 50/78 MP: 9/9
  7563 | D:9      | Found a staircase to the Orcish Mines.
  7591 | D:9      | Reached skill level 17 in Axes
  8284 | D:9      | Noticed a rust devil
  8285 | D:9      | Reached skill level 18 in Axes
  8295 | D:9      | Reached ***** piety under Trog
  8307 | D:9      | Killed by an exploding kobold... ignited by their inner
                  | flame

Illustrated notes

Levels and vault maps discovered:
D:1:      heliophobic_arrival_henge, layout_basic, serial_shops, shop,
          hellmonk_ecumenical_altar_run_dry, minmay_pentomino_q4
D:2:      layout_loops_corners, serial_shops, shop, kennysheep_nub,
          palyth_stone_intersect, patterned_corridor
D:3:      layout_basic, lemuel_doored_altar, nicolae_dithmenos_the_darkroom,
          fedhas_altar_3, mainiacjoe_overflow_alcove_1,
          gammafunk_temple_overflow_elements, serial_shops,
          nicolae_lakefront_shop, shop, uniq_robin, uniq_sigmund
D:4:      layout_basic
D:5:      layout_cave_pools, uniq_pikel
D:6:      layout_loops_cross, tgw_xom, minmay_temple_entry_statues_pillars,
          serial_shops, shop, shop, shop_coins, nicolae_shop_tiny_glass,
          kennysheep_generic_room_15, uniq_blork_the_orc
D:7:      layout_basic, grunt_ministairs_12, uniq_menkaure
D:8:      layout_cave_pods
D:9:      layout_roguey [special_room_kobold], dk_yredelemnul_ordeal,
          david_orc_1_choice, dreamdust_princess_bridge

Skill      XL: |  1  2  3  4  5  6  7  8  9 10 |
---------------+-------------------------------+-----
Axes           | 4 5 7 9 11 13 16 18 | 18.3
Throwing       | 1 |  1.3
Stealth        | 1 2 |  2.5
Shields        | 1 3 4 |  4.3
Fighting       | |  3.8
Armour         | |  2.5
Dodging        | |  2.2

Action                     |  1- 3 |  4- 6 |  7- 9 | 10-12 || total
---------------------------+-------+-------+-------+-------++-------
  Melee: Hand axe          |    84 |    79 |    91 |       ||   254
         Headbutt          |     9 |    13 |    54 |    16 ||    92
         Punch             |     1 |       |     6 |       ||     7
         Battleaxe         |       |       |    97 |   119 ||   216
         War axe           |       |       |    21 |       ||    21
  Throw: Javelin           |     3 |       |       |       ||     3
 Invoke: Berserk           |     1 |     1 |     4 |     1 ||     7
    Use: Scroll            |       |       |    19 |     2 ||    21
         Potion            |       |       |       |     1 ||     1
   Stab: Distracted        |       |     1 |       |       ||     1
 Armour: Ring mail         |     5 |     6 |       |       ||    11
         Scale mail        |    14 |    12 |       |       ||    26
         Chain mail        |       |    15 |    90 |    59 ||   164
  Dodge: Dodged            |    52 |    33 |    71 |    41 ||   197
  Block: Other             |       |       |    24 |    29 ||    53
         Reflection        |       |       |     4 |       ||     4
